 Dungeon Crawl Stone Soup version 0.28.0-53-g5a82cb258f (webtiles) character file.

Game seed: 13053818513783813417

7 jamesblauser the Skirmisher (level 1, 0/19 HPs)
             Began as a Draconian Berserker on Nov 5, 2022.
             Was a Follower of Trog.
             Slain by a jackal (2 damage)
             ... on level 1 of the Dungeon.
             The game lasted 00:01:01 (134 turns).

jamesblauser the Skirmisher (Draconian Berserker)    Turns: 134, Time: 00:01:02

Health: 0/19       AC:  8    Str: 19    XL:     1   Next: 91%
Magic:  1/1        EV: 12    Int:  7    God:    Trog [*.....]
Gold:   0          SH:  0    Dex: 10    Spells: 0/0 levels left

rFire   . . .      SeeInvis .   a - +0 spear
rCold   . . .      Faith    .   (no shield)
rNeg    . . .      Spirit   .   (armour unavailable)
rPois   .          Reflect  .   (helmet restricted)
rElec   .          Harm     .   (no cloak)
rCorr   .          Rampage  .   (no gloves)
Will    .....                   (no boots)
Stlth   +.........              (no amulet)
HPRegen 0.06/turn               c - +4 ring of protection
MPRegen 0.07/turn               (no ring)

@: no status effects
A: AC +4, unfitting armour, cold-blooded
a: Renounce Religion, Berserk


You were on level 1 of the Dungeon.
You worshipped Trog.
Trog was aware of your devotion.
You visited 1 branch of the dungeon, and saw 1 of its levels.

Inventory:

Hand Weapons
 a - a +0 spear (weapon)
Missiles
 b - 2 throwing nets (quivered)
Jewellery
 c - a +4 ring of protection (left hand)


   Skills:
 + Level 3.5 Fighting
 + Level 3.1 Polearms
 + Level 2.8 Dodging


You couldn't memorise any spells.
You didn't know any spells.
Your spell library was empty.

Dungeon Overview and Level Annotations

Branches:
Dungeon (1/15)

Altars:


Innate Abilities, Weirdness & Mutations

Your plain brown scales are hard. (AC +4)
You cannot fit into any form of body armour.
You are cold-blooded and may be slowed by cold attacks.


Message History

The jackal is lightly wounded.
The jackal misses you.
You hit the jackal.
Your tail-slap misses the jackal.
The jackal is almost dead.
The jackal misses you.
The jackal bites you but does no damage.
You closely miss the jackal.
Your tail-slap misses the jackal.
The jackal is almost dead.
The jackal bites you but does no damage.
You barely miss the jackal.
The jackal is almost dead.
The jackal bites you.
* * * LOW HITPOINT WARNING * * *
The jackal closely misses you.
You closely miss the jackal. You tail-slap the jackal.
You kill the jackal!
Trog accepts your kill. 2 jackals come into view.
The jackal barks!
A bat comes into view.
The jackal moves out of view.
The bat hits you but does no damage.
You closely miss the jackal.
Your tail-slap misses the jackal.
The bat hits you but does no damage. The jackal barely misses you.
The jackal bites you but does no damage.
You hit the jackal.
The jackal is severely wounded.
The jackal closely misses you. x2
You hit the jackal.
The jackal is almost dead.
The bat closely misses you. The jackal misses you.
The jackal bites you but does no damage.
The jackal barely misses you.
You puncture the jackal!
You kill the jackal!
Trog accepts your kill. The bat barely misses you. The jackal misses you.
The jackal bites you but does no damage.
The bat closely misses you. The jackal bites you.
You die...

######## .......#
#.......#
........#####
##.##.#........
#.. #.#........
#.###.#........
#......@..>....
#........#h.!.....
#.##.#####.b......
# #.# #........
..# #........ ...#
####.#### ..### .#
..... .. ##. .


You could see a jackal and a bat.

Vanquished Creatures
  2 goblins (D:1)
  2 jackals (D:1)
  A quokka (D:1)
  A frilled lizard (D:1)
6 creatures vanquished.

Vanquished Creatures (others)
  3 plants (D:1)
3 creatures vanquished.

Grand Total: 9 creatures vanquished

Notes
Turn   | Place    | Note
-------+----------+-------------------------------------------
     0 | D:1      | jamesblauser the Draconian Berserker began the quest for
                  | the Orb.
     0 | D:1      | Reached XP level 1. HP: 19/19 MP: 1/1
    74 | D:1      | Found a faded altar of an unknown god.
   134 | D:1      | Slain by a jackal

Illustrated notes

Levels and vault maps discovered:
D:1:      lightli_arrival_windingriver, layout_rooms,
          dreamdust_ecumenical_altar_statues

Action                   || total
-------------------------++-------
Melee: Spear             ||    41
       Tailslap          ||     2
Armor: Skin              ||    13
Dodge: Dodged            ||    34
